 Dungeon Crawl Stone Soup version 0.30-a0-824-g6c64550be9 (webtiles) character file.

Game seed: 2784048116821803783

798 bmack86 the Chopper (level 7, -8/61 HPs)
             Began as a Minotaur Fighter on Feb 27, 2023.
             Mangled by Duvessa
             ... wielding a +3 short sword of venom
              (11 damage)
             ... on level 5 of the Dungeon.
             The game lasted 00:12:29 (3465 turns).

bmack86 the Chopper (Minotaur Fighter)              Turns: 3465, Time: 00:12:30

Health: -8/61      AC: 11    Str: 23    XL:     7   Next: 58%
Magic:  6/6        EV:  7    Int:  5    God:
Gold:   188        SH:  5    Dex: 15    Spells: 6/6 levels left

rFire   . . .      SeeInvis .    a - +0 war axe
rCold   + . .      Faith    .    c - +0 buckler
rNeg    . . .      Spirit   .    g - +0 chain mail
rPois   .          Reflect  .    (helmet restricted)
rElec   .          Harm     .    (no cloak)
rCorr   .          Rampage  .    j - +0 pair of gloves
Will    .....                    (no boots) Stlth
                                 (no amulet)
HPRegen 0.30/turn                p - +6 ring of dexterity
MPRegen 0.10/turn                x - ring of protection from cold

@: lethally poisoned (-8 -> -45)
A: horns 2, retaliatory headbutt
a: no special abilities


You were on level 5 of the Dungeon.
You visited 1 branch of the dungeon, and saw 5 of its levels.

You collected 188 gold pieces.

Inventory:

Hand Weapons
 a - a +0 war axe (weapon)
 D - a +0 war axe
Missiles
 h - 3 boomerangs (quivered)
 y - 2 poisoned darts
 B - 2 throwing nets
Armour
 b - a +0 scale mail
 c - a +0 buckler (worn)
 g - a +0 chain mail (worn)
 j - a +0 pair of gloves (worn)
Jewellery
 p - a +6 ring of dexterity (left hand)
 x - a ring of protection from cold (right hand)
 z - a ring of ice
Wands
 A - a wand of iceblast (13)
Scrolls
 l - a scroll of brand weapon {unknown}
 n - 2 scrolls of vulnerability {unknown}
 o - a scroll of summoning {unknown}
 q - a scroll of teleportation {unknown}
 r - a scroll of amnesia {unknown}
 t - a scroll of fog {unknown}
 v - a scroll of immolation {unknown}
 C - a scroll of noise {unknown}
 F - a scroll of blinking {unknown}
Potions
 d - a potion of might
 e - a potion of resistance
 f - 3 potions of ambrosia
 i - a potion of brilliance
 m - 2 potions of curing
 s - a potion of lignification
 u - a potion of magic {unknown}
 w - a potion of flight {unknown}
 E - a potion of attraction {unknown}


   Skills:
 + Level 5.4 Fighting
 * Level 6.4 Axes
 + Level 3.0 Throwing
 + Level 5.5 Armour
 + Level 5.5 Shields


You had 6 spell levels left.
You didn't know any spells.
Your spell library contained the following spells:

 Spells                   Type           Power      Damage    Failure   Level
 Beastly Appendage        Tmut           0%         N/A       99%         1
 Sting                    Tmut/Pois      0%         1d3       99%         1
 Poisonous Vapours        Pois/Air       0%         N/A       100%        2
 Wereblood                Tmut           0%         N/A       100%        2
 Spider Form              Tmut/Pois      0%         N/A       100%        3
 Fulminant Prism          Conj/Hex       0%         3d5       100%        4
 Olgreb's Toxic Radiance  Pois           0%         N/A       100%        4
 Yara's Violent Unravell  Hex/Tmut       0%         3d3       100%        5
 Enfeeble                 Hex            0%         N/A       100%        7
 Malign Gateway           Summ/Tloc      0%         N/A       100%        7


Dungeon Overview and Level Annotations

Branches:
Dungeon (5/15)
 Temple: D:4-7

Altars:
Fedhas

Annotations:
D:5 Duvessa


Innate Abilities, Weirdness & Mutations

You have a pair of horns on your head.
You reflexively headbutt those who attack you in melee.


Message History

Dowan casts a spell at Duvessa.
Duvessa seems to speed up.
You barely miss Dowan.
Dowan is almost dead.
You hit Duvessa.
Duvessa is lightly wounded.
Duvessa hits you but does no damage.
You are poisoned.
You closely miss Dowan.
Dowan is almost dead.
You hit Duvessa.
You feel sick. You block Duvessa's attack.
Dowan gestures at you while chanting.
The puff of flame hits you but does no damage.
You block Duvessa's attack.
You hit Duvessa but do no damage. You headbutt Duvessa, but do no damage.
Duvessa is lightly wounded.
You hit Dowan.
You kill Dowan!
Duvessa screams in rage.
Duvessa goes berserk!
You feel sick.
Duvessa hits you with a +3 short sword of venom!
You are more poisoned.
Duvessa hits you but does no damage.
You are more poisoned.
Your Throwing skill increases to level 3!
You hit Duvessa but do no damage. You headbutt Duvessa.
Duvessa is moderately wounded.
You feel extremely sick.
Duvessa hits you with a +3 short sword of venom!
* * * LOW HITPOINT WARNING * * *
You block Duvessa's attack.
You hit Duvessa. You headbutt Duvessa, but do no damage.
Duvessa is moderately wounded.
* * * LOW HITPOINT WARNING * * *
You feel extremely sick.
Duvessa hits you with a +3 short sword of venom!
* * * LOW HITPOINT WARNING * * *
You are more poisoned.
Duvessa hits you with a +3 short sword of venom!
You die...

## ## #. .
##.##.##
####...#..###.
+.............
#..@#
##.e)......
####[.#### .##
#


You could see Duvessa (berserk, fast).

Vanquished Creatures
  The ghost of sigtrap the Sneak, a novice KoBr of Cheibriados (D:4)
  A scorpion (D:4)
  Dowan (D:5)
  A hound (D:4)
  3 quasits (D:4)
  2 iguanas (D:4)
  2 orc wizards (D:3)
  4 gnolls (D:4)
  2 adders (D:2)
  2 shadow imps (D:4)
  4 white imps (D:4)
  2 ufetubi (D:4)
  3 worms
  A dart slug (D:1)
  7 orcs (D:3)
  10 bats
  11 endoplasms
  5 giant cockroaches
  9 goblins
  11 hobgoblins
  7 kobolds
  A quokka (D:3)
  5 ball pythons
  A frilled lizard (D:2)
  14 rats
110 creatures vanquished.

Vanquished Creatures (others)
  A demonic plant (D:4)
1 creature vanquished.

Grand Total: 111 creatures vanquished

Notes
Turn   | Place    | Note
-------+----------+-------------------------------------------
     0 | D:1      | bmack86 the Minotaur Fighter began the quest for the Orb.
     0 | D:1      | Reached XP level 1. HP: 19/19 MP: 0/0
    97 | D:1      | Reached XP level 2. HP: 26/27 MP: 1/1
   227 | D:1      | Reached skill level 3 in Axes
   522 | D:1      | Reached XP level 3. HP: 33/33 MP: 2/2
  1196 | D:2      | Found a blossoming altar of Fedhas.
  1296 | D:2      | Reached XP level 4. HP: 40/40 MP: 3/3
  1375 | D:2      | Reached skill level 1 in Throwing
  2034 | D:3      | Reached skill level 4 in Axes
  2104 | D:3      | Noticed an ice beast
  2152 | D:3      | Reached XP level 5. HP: 16/47 MP: 4/4
  2655 | D:4      | Got Huicoudd's Excursus on Transposition and Conflict
  2670 | D:4      | Reached XP level 6. HP: 31/53 MP: 5/5
  2721 | D:4      | Reached skill level 5 in Axes
  2930 | D:4      | Found a runed translucent door.
  2930 | D:4      | Noticed sigtrap's ghost (novice KoBr)
  3080 | D:4      | Reached skill level 5 in Shields
  3082 | D:4      | Reached skill level 5 in Armour
  3252 | D:4      | Reached skill level 5 in Fighting
  3429 | D:4      | Killed sigtrap's ghost
  3430 | D:4      | Reached skill level 6 in Axes
  3430 | D:4      | Reached XP level 7. HP: 56/61 MP: 6/6
  3454 | D:5      | Entered Level 5 of the Dungeon
  3454 | D:5      | Noticed Duvessa
  3454 | D:5      | Noticed Dowan
  3463 | D:5      | Killed Dowan
  3465 | D:5      | HP: 3/61 [Duvessa/+3 short sword of venom (8)]
  3465 | D:5      | Mangled by Duvessa

Illustrated notes

Levels and vault maps discovered:
D:1:      elethiomel_arrival_diamonds, layout_loops_corners
D:2:      mumra_celtic_spiral_tile, layout_basic, basic_altar
D:3:      layout_rooms, lightli_corner_chamber
D:4:      layout_rooms, serial_demonic, serial_demonic_a, serial_demonic_d,
          serial_demonic_d, serial_demonic_f, gammafunk_ghost_grave
D:5:      layout_loops_corners, uniq_duvessa, uniq_grinder

Skill      XL: |  1  2  3  4  5  6  7 |
---------------+----------------------+-----
Axes           | 3 4 6 |  6.4
Fighting       | 4 5 |  5.4
Armour         | 4 5 |  5.5
Shields        | 4 5 |  5.5
Throwing       | 1 2 3 |  3.0

Action                     |  1- 3 |  4- 6 |  7- 9 || total
---------------------------+-------+-------+-------++-------
  Melee: War axe           |    97 |   156 |     7 ||   260
         Headbutt          |    12 |    17 |     4 ||    33
  Throw: Boomerang         |     3 |       |     4 ||     7
    Use: Scroll            |     4 |     1 |     1 ||     6
         Potion            |       |     2 |       ||     2
 Armour: Scale mail        |    12 |       |       ||    12
         Chain mail        |    48 |   166 |     4 ||   218
  Dodge: Dodged            |    39 |    83 |       ||   122
  Block: Buckler           |    37 |    71 |     3 ||   111

Table legend: (Time is in decaauts)
 A = Elapsed time spent in this place.
 B = Non-inter-level travel time spent in this place.
 C = Inter-level travel time spent in this place.
 D = Time resting spent in this place.
 E = Time spent auto-exploring this place.
 F = Levels seen in this place.
 G = Mean time per level.
                   A        B        C        D        E       F      G
               +--------+--------+--------+--------+--------+-----+--------+
         Total |   3552 |   3424 |    128 |    106 |   2148 |   5 |  710.4 |
       Dungeon |   3552 |   3424 |    128 |    106 |   2148 |   5 |  710.4 |
               +--------+--------+--------+--------+--------+-----+--------+

Top non-repeatable levels by time:
     D:1: 1078 daAuts
     D:2: 936 daAuts
     D:4: 856 daAuts
     D:3: 668 daAuts
     D:5: 13 daAuts
